 Dungeon Crawl Stone Soup version 0.29.1-15-g9cfb28693d (webtiles) character file.

Game seed: 9162168903304824063

14661 croobank the Anamnesiscian (level 11, -10/74 HPs)
             Began as a Demonspawn Fire Elementalist on Apr 20, 2023.
             Was an Elder of Hepliaklqana.
             Mangled by a black mamba (16 damage)
             ... on level 1 of the Lair of Beasts.
             The game lasted 00:43:08 (17390 turns).

croobank the Anamnesiscian (DsFE)                  Turns: 17390, Time: 00:43:09

Health: -10/74     AC:  9    Str: 13    XL:     11   Next: 91%
Magic:  20/20      EV: 13    Int: 22    God:    Hepliaklqana [****..]
Gold:   14         SH:  0    Dex:  8    Spells: 13/22 levels left

rFire   + + .      SeeInvis .   K - +4 war axe
rCold   + . .      Faith    .   (no shield)
rNeg    + + .      Spirit   .   R - +1 robe of Generosity {rF++ rN++ Dex-5}
rPois   .          Reflect  .   p - +2 hat
rElec   .          Harm     .   (no cloak)
rCorr   .          Rampage  .   I - +1 pair of gloves
Will    .....                   b - +1 pair of boots
Stlth   +.........              y - amulet "Isizxuni" {RegenMP Drain rC+ Str+3}
HPRegen 0.22/turn               (no ring)
MPRegen 0.74/turn               (no ring)

@: confused, ambrosia-drunk
A: reduced essence, antennae 1, ignite blood 1, magic regeneration, big brain 1
a: Renounce Religion, Recall Ancestor, Ancestor Identity, Transference, Idealise


You were on level 1 of the Lair of Beasts.
You worshipped Hepliaklqana.
Hepliaklqana was greatly pleased with you.
You visited 3 branches of the dungeon, and saw 14 of its levels.

You collected 626 gold pieces.
You spent 612 gold pieces at shops.

Inventory:

Hand Weapons
 q - a +2 mace
 r - a +0 morningstar of protection
 t - a +0 trident
 x - a +0 hand axe
 B - a +0 long sword
 E - a +2 flail
 F - a +3 whip
 K - a +4 war axe (weapon)
 O - a +1 scimitar
 V - a +2 dagger of venom
 X - a +2 dagger of electrocution
Missiles
 i - 9 javelins
 U - a throwing net
 Y - a curare-tipped dart
Armour
 a - a +2 leather armour of willpower
 b - a +1 pair of boots (worn)
 p - a +2 hat (worn)
 z - a +0 ring mail
 C - the +0 ring mail "Bezuockupo" {Fly rPois}
   (You took it off an orc on level 5 of the Dungeon)

   rPois:     It protects you from poison.
   Fly:       It grants you flight.
 H - the +1 robe of Indomitability {Stlth+}
   (You bought it in a shop on level 5 of the Dungeon)

   Stlth:     It makes you more stealthy.
 I - a +1 pair of gloves (worn)
 Q - +0 acid dragon scales
 R - the +1 robe of Generosity (worn) {rF++ rN++ Dex-5}
   (You bought it in a shop on level 5 of the Dungeon)

   Dex:       It affects your dexterity (-5).
   rF:        It greatly protects you from fire.
   rN:        It greatly protects you from negative energy.
Jewellery
 j - an amulet of regeneration
 y - the amulet "Isizxuni" (around neck) {RegenMP Drain rC+ Str+3}
   (You acquired it on level 6 of the Dungeon)

   [amulet of magic regeneration]

   It increases your rate of magic regeneration.
   Str:       It affects your strength (+3).
   rC:        It protects you from cold.
   Drain:     It drains your maximum health when unequipped.
 D - a ring of magical power
Wands
 s - a wand of flame (9)
 P - a wand of roots (8)
 T - a wand of charming (18)
 W - a wand of polymorph (5)
Scrolls
 c - a scroll of butterflies
 h - 4 scrolls of poison
 l - 2 scrolls of magic mapping
 n - 2 scrolls of teleportation
 u - a scroll of fear
 N - a scroll of identify
Potions
 d - 8 potions of curing
 e - 5 potions of might
 f - a potion of lignification
 g - a potion of mutation
 k - a potion of attraction
 m - 2 potions of ambrosia
 o - 2 potions of magic
 A - a potion of flight


   Skills:
 + Level 6.4 Fighting
 * Level 5.6 Axes
 + Level 4.9 Armour
 + Level 6.2 Dodging
 - Level 1.7 Stealth
 + Level 6.4 Spellcasting
 + Level 6.5 Conjurations
 - Level 5.0 Hexes
 + Level 3.4 Summonings
 + Level 6.5 Fire Magic
 * Level 9.7 Invocations


You had 13 spell levels left.
You knew the following spells:

 Your Spells              Type           Power      Damage    Failure   Level
a - Foxfire               Conj/Fire      100%       2x1d9     1%          1
b - Scorch                Fire           70%        2d9       1%          2
c - Inner Flame           Hex/Fire       32%        N/A       2%          3
d - Summon Guardian Gole  Hex/Summ       25%        N/A       4%          3

Your spell library contained the following spells:

 Spells                   Type           Power      Damage    Failure   Level
 Magic Dart               Conj           100%       1d8       1%          1
 Conjure Flame            Conj/Fire      35%        6-21      1%          3
 Summon Small Mammal      Summ           88%        N/A       2%          1
 Call Imp                 Summ           22%        N/A       3%          2
 Call Canine Familiar     Summ           22%        N/A       6%          3
 Flame Wave               Conj/Fire      35%        2d10      6%          4
 Apportation              Tloc           14%        N/A       9%          1
 Necrotise                Necr           28%        1d5       9%          1
 Mephitic Cloud           Conj/Pois/Air  16%        N/A       11%         3
 Ozocubu's Armour         Ice            7%         N/A       26%         3
 Olgreb's Toxic Radiance  Pois           7%         N/A       65%         4
 Summon Forest            Summ/Tloc      7%         N/A       77%         5
 Alistair's Intoxication  Tmut/Pois      4%         N/A       94%         5
 Eringya's Noxious Bog    Tmut/Pois      3%         N/A       100%        6
 Ozocubu's Refrigeration  Ice            3%         4d8       100%        7
 Summon Hydra             Summ           11%        N/A       100%        7


Dungeon Overview and Level Annotations

Branches:
Dungeon (12/15)            Temple (1/1) D:5            Lair (1/5) D:8
    Orc (0/2) D:9

Altars:
Ashenzari
Cheibriados
Dithmenos
Fedhas
Gozag
Hepliaklqana
Kikubaaqudgha
Makhleb
Nemelex Xobeh
Okawaru
Qazlal
Ru
Sif Muna
Trog
Uskayaw
Vehumet
Wu Jian
Xom
Yredelemnul

Shops:
D:2 *   D:5 *=([   D:9 =   D:10 ([::

Annotations:
D:5 1 runed translucent door, Imhoden's ghost, novice GnIE
D:11 exclusion: downstairs
D:12 1 transporter


Innate Abilities, Weirdness & Mutations

Your life essence is reduced to manifest your ancestor. (-10% HP)
You have a pair of small antennae on your head.
Your demonic aura sometimes causes spilled blood to erupt in flames.
You regenerate magic rapidly.
You have an unusually large brain. (Int +2)


Message History

Leofric emerges from the mists of memory!
The boulder beetle is engulfed in blazing flames.
Flame seeps out of the boulder beetle.
The boulder beetle hits you.
The boulder beetle stops rolling and uncurls.
You flicker back into view.
The cane toad gives a loud, deep croak!
You hear a croak.
The boulder beetle curls into a ball and begins rolling!
Leofric hits the boulder beetle with a +0 quarterstaff.
Flame seeps out of the boulder beetle.
The boulder beetle attacks as you move away!
The boulder beetle bites you!
* * * LOW HITPOINT WARNING * * *
The boulder beetle is no longer more vulnerable to fire.
The boulder beetle hits Leofric.
The boulder beetle stops rolling and uncurls.
Leofric hits the boulder beetle but does no damage.
The black mamba bites you!
* * * LOW HITPOINT WARNING * * *
What are your orders? t - Shout!
Orders for allies: a - Attack new target. p - Attack previous target. r - Retreat! s - Stop attacking. g - Guard the area. f - Follow me.
Anything else - Cancel.
Okay, then.
Okay, then.
You are confused.
You feel invigorated.
The boulder beetle is no longer more vulnerable to fire.
The black mamba bites you.
* * * LOW HITPOINT WARNING * * *
The boulder beetle barely misses you.
Leofric points at the boulder beetle and mumbles some strange words.
The stone arrow hits the boulder beetle!
Flame seeps out of the boulder beetle.
The boulder beetle is engulfed in blazing flames.
Flame seeps out of the boulder beetle.
The boulder beetle leaps!
The black mamba attacks as you move away!
The black mamba bites you!
You die...

**,*,,,,#.# ###.P..F#..†..# *,#
*,*,,,{#.#####.#.+...†.....# ***
*,*,,,.#<........#...#{..#.# **
*,,*+*#..........##.+#..##.#* *,
*,,.................B..###FF* *,
*,..............D.F(...#*...#***
*..####.#.####.R......##,....***
*.,,* ##### #.BF.....#*,.....*,
**,,** **#.@S....##*,,...#**
,,,,*********,#.......#*,,,,,,,**
,,,,,,,,,,,,,.........#,,,,,,,,*
,,,,,,,,,,,......###..#*,,,,,,**
,,,,,,,,,........#,,...#,,,,,,,*
,,,,,,,,,........#,,,..#*,,,,***
,,,,,,,,,........#,,,,.#***∩**
**,,*****#....^...,,,,,,* ***
,,,,,,,,,*,,,,,,,*,,,,,,** *****


You could see the friendly Leofric the battlemage, 2 boulder beetles, a
five-headed hydra (inner flame), a black mamba, a cane toad and a bullfrog.

Vanquished Creatures
  A boulder beetle (D:11)
  An unseen horror (D:11)
  A rime drake (Lair:1)
  3 komodo dragons
  A hornet (D:11)
  A blink frog (Lair:1)
  A shadow (D:10)
  2 wraiths
  4 wyverns
  A fire bat (Lair:1)
  7 yaks
  Grum (D:8)
  A steam dragon (D:8)
  A basilisk (Lair:1)
  Menkaure (D:7)
  An acid dragon (D:8)
  2 water moccasins
  2 ice beasts
  2 ogres
  2 sky beasts (D:8)
  3 wolves (D:8)
  2 centaurs
  A phantom (D:6)
  4 bullfrogs
  6 scorpions
  9 wights
  5 killer bees (D:10)
  3 howler monkeys
  A nameless horror (D:10)
  4 hounds
  A gnoll bouda (D:5)
  6 orc priests
  Jessica (D:3)
  3 iguanas
  8 orc wizards
  10 gnolls
  5 adders
  A shadow imp (D:7)
  An ufetubus (D:6)
  3 worms
  4 dart slugs
  37 orcs
  4 bats
  13 endoplasms
  5 giant cockroaches
  6 goblins
  5 hobgoblins
  3 jackals (D:2)
  4 quokkas
  4 ball pythons
  2 frilled lizards
  2 kobolds
  7 rats
209 creatures vanquished.

Vanquished Creatures (collateral kills)
  A two-headed ogre (D:10)
  2 cyclopes (D:11)
  A manticore (D:11)
  2 cane toads (Lair:1)
  A troll (D:11)
  3 yaks
  A wraith (D:9)
  2 fire bats (Lair:1)
  A steam dragon (D:9)
  4 water moccasins (Lair:1)
  A black bear (Lair:1)
  An orc warrior (D:9)
  A wolf (D:8)
  A centaur (D:10)
  A kobold brigand (D:10)
  2 bullfrogs
  A scorpion (D:7)
  2 wights (D:7)
  2 killer bees (D:10)
  3 howler monkeys (D:9)
  A gnoll bouda (D:9)
  An orc wizard (D:9)
  A gnoll (D:9)
  8 orcs
  A kobold (D:10)
  6 foxfires (D:8)
51 creatures vanquished.

Vanquished Creatures (others)
  2 two-headed ogres
  A battlemage (Lair:1)
  4 ancestors
  479 foxfires
  A fungus (Lair:1)
  12 plants
499 creatures vanquished.

Grand Total: 759 creatures vanquished

Notes
Turn   | Place    | Note
-------+----------+-------------------------------------------
     0 | D:1      | croobank the Demonspawn Fire Elementalist began the quest
                  | for the Orb.
     0 | D:1      | Reached XP level 1. HP: 13/13 MP: 3/3
   314 | D:1      | Gained mutation: You have a pair of small antennae on your
                  | head. [demonic ancestry]
   314 | D:1      | Reached XP level 2. HP: 20/20 MP: 0/5
   318 | D:1      | Learned a level 2 spell: Scorch
  1376 | D:2      | Reached skill level 1 in Fighting
  1586 | D:2      | Reached XP level 3. HP: 26/26 MP: 4/6
  1590 | D:2      | Learned a level 3 spell: Inner Flame
  2287 | D:2      | Found Tesif's General Store.
  2291 | D:2      | You fall into a shaft and drop 1 floor!
  2550 | D:2      | Found a faded altar of an unknown god.
  2659 | D:2      | Bought a scroll of identify for 20 gold pieces
  3598 | D:3      | Reached XP level 4. HP: 32/32 MP: 5/7
  3641 | D:3      | Found a sacrificial altar of Ru.
  3864 | D:3      | Noticed Jessica
  3869 | D:3      | Killed Jessica
  4013 | D:3      | Found a broken altar of Ashenzari.
  4287 | D:3      | Reached XP level 5. HP: 38/38 MP: 2/9
  4987 | D:4      | Reached XP level 6. HP: 46/46 MP: 5/10
  5511 | D:4      | Identified the +0 mace of Agony {vorpal, Fly rElec rN+++
                  | Int-5}
  6057 | D:5      | Entered Level 5 of the Dungeon
  6057 | D:5      | Found Hamet's Weapon Boutique.
  6223 | D:5      | Noticed an ice beast
  6334 | D:5      | Found Danezec's General Store.
  6343 | D:5      | Bought a potion of might for 56 gold pieces
  6380 | D:4      | Reached skill level 1 in Hexes
  6664 | D:5      | Reached XP level 7. HP: 36/51 MP: 5/12
  6789 | D:5      | Found Dic Qiur's Jewellery Emporium.
  6792 | D:5      | Identified the +0 ring mail "Bezuockupo" {Fly rPois}
  7367 | D:5      | Found a runed translucent door.
  7526 | D:5      | Noticed Imhoden's ghost (novice GnIE)
  7570 | D:5      | HP: 1/52 [orc/+0 club (3)]
  7571 | D:5      | Reached skill level 1 in Armour
  7942 | D:5      | Reached XP level 8. HP: 51/60 MP: 9/14
  8006 | D:5      | Found Ihyis's Antique Armour Shop.
  8012 | D:5      | Bought a bloodstained robe for 114 gold pieces
  8012 | D:5      | Identified the +1 robe of Indomitability {Stlth+} (You
                  | bought it in a shop on level 5 of the Dungeon)
  8059 | D:5      | Found a staircase to the Ecumenical Temple.
  8089 | Temple   | Entered the Ecumenical Temple
  8175 | Temple   | Became a worshipper of Hepliaklqana the Forgotten
  8677 | D:5      | Reached skill level 1 in Invocations
  8938 | D:6      | Reached skill level 2 in Invocations
  9533 | D:6      | Reached skill level 3 in Invocations
  9800 | D:6      | Found a snail-covered altar of Cheibriados.
  9891 | D:6      | Identified a scroll of acquirement
  9891 | D:6      | Acquired the amulet "Isizxuni" {RegenMP Drain rC+ Str+3}
 10118 | D:7      | Noticed Menkaure
 10125 | D:7      | Killed Menkaure
 10126 | D:7      | Reached skill level 4 in Invocations
 10150 | D:7      | Reached * piety under Hepliaklqana
 10363 | D:7      | Gained mutation: You have an unusually large brain. (Int
                  | +2) [demonic ancestry]
 10363 | D:7      | Reached XP level 9. HP: 52/55 MP: 12/15
 10443 | D:7      | Reached skill level 5 in Fire Magic
 10923 | D:7      | Found an ornate altar of the Wu Jian Council.
 10987 | D:7      | Reached skill level 5 in Invocations
 11001 | D:7      | Reached skill level 1 in Axes
 11272 | D:8      | Reached skill level 5 in Conjurations
 11318 | D:8      | Noticed Grum
 11328 | D:8      | Killed Grum
 11329 | D:8      | Reached skill level 5 in Spellcasting
 11632 | D:8      | Got the Disquisition on Poisoning
 11742 | D:8      | Reached skill level 5 in Fighting
 11742 | D:8      | Reached skill level 6 in Invocations
 11813 | D:8      | Reached ** piety under Hepliaklqana
 11814 | D:8      | Remembered your ancestor Leofric as a battlemage
 11965 | D:8      | Found a radiant altar of Vehumet.
 12055 | D:8      | Reached skill level 5 in Dodging
 12117 | D:8      | Found a staircase to the Lair.
 12120 | D:8      | Noticed a komodo dragon
 12141 | D:8      | Killed a komodo dragon
 12142 | D:8      | Gained mutation: You regenerate magic rapidly. [demonic
                  | ancestry]
 12142 | D:8      | Reached XP level 10. HP: 66/66 MP: 6/17
 12437 | D:9      | Noticed a two-headed ogre
 12649 | D:9      | Learned a level 3 spell: Summon Guardian Golem
 12846 | D:8      | Reached skill level 7 in Invocations
 12903 | D:9      | Found a hide-covered altar of Uskayaw.
 13005 | D:9      | Found a staircase to the Orcish Mines.
 13050 | D:9      | Reached skill level 1 in Summonings
 13064 | D:9      | Found Favulyim's Jewellery Shoppe.
 13128 | D:9      | Killed a two-headed ogre
 13615 | D:10     | Entered Level 10 of the Dungeon
 13623 | D:10     | Found a stormy altar of Qazlal.
 13631 | D:10     | Found a blossoming altar of Fedhas.
 13777 | D:10     | Reached *** piety under Hepliaklqana
 13817 | D:10     | Found Yramm's Book Shoppe.
 13974 | D:10     | Noticed a two-headed ogre
 13980 | D:10     | Killed a two-headed ogre
 14322 | D:10     | Found Zaaffih's Weapon Shop.
 14371 | D:10     | Found Vapidimi's Book Shop.
 14398 | D:10     | Found a sparkling altar of Nemelex Xobeh.
 14403 | D:10     | Found Louboo's Armour Emporium.
 14464 | D:10     | Reached skill level 8 in Invocations
 14556 | D:10     | Noticed a two-headed ogre
 14563 | D:10     | Killed a two-headed ogre
 14564 | D:10     | Reached skill level 5 in Hexes
 14564 | D:10     | Gained mutation: Your demonic aura sometimes causes spilled
                  | blood to erupt in flames. [demonic ancestry]
 14564 | D:10     | Reached XP level 11. HP: 72/72 MP: 11/19
 15824 | D:11     | Noticed a boulder beetle
 15839 | D:11     | Killed a boulder beetle
 16171 | D:12     | Found a transporter.
 16171 | D:12     | Reached **** piety under Hepliaklqana
 16175 | D:12     | Noticed a cyan ugly thing
 16181 | D:12     | Noticed a cyan ugly thing
 16685 | D:12     | Noticed a green very ugly thing
 17065 | Lair:1   | Entered Level 1 of the Lair of Beasts
 17182 | D:5      | Bought the +1 robe of Generosity {rF++ rN++ Dex-5} for 422
                  | gold pieces
 17319 | Lair:1   | Noticed a boulder beetle
 17323 | Lair:1   | Noticed a boulder beetle
 17331 | Lair:1   | Reached skill level 5 in Axes
 17331 | Lair:1   | Reached skill level 9 in Invocations
 17346 | Lair:1   | Noticed a five-headed hydra
 17390 | Lair:1   | Mangled by a black mamba

Illustrated notes

Levels and vault maps discovered:
D:1:      onia_arrival_mini_spirals, layout_rooms, minmay_ruptured
D:2:      layout_loops_cross, dilly_ecumenical_altar_fadedgnrine, serial_shops,
          nicolae_diamond_shop, nicolae_figureground_sparkle
D:3:      wander_river, layout_rooms, mainiacjoe_overflow_paths,
          nicolae_ashenzari_panopticon, zin_scriptorium, uniq_jessica
D:4:      layout_layer_cave, roderic_serpentine_path
D:5:      layout_rooms, minmay_temple_entry_statues, ebering_ghost_sewer_d,
          serial_shops, shop, nicolae_shop_trees, shop, nicolae_shop_waterfront,
          amcnicky_mini_rare_corridor_liquid
D:6:      layout_cave_pools, kennysheep_slug_shrine
D:7:      layout_cave_pools, pdpol_wu_jian_five_deadly_venoms, uniq_menkaure
D:8:      layout_basic, nicolae_vehumet_radiance, david_lair_shrubbed,
          minmay_misc_feat_rows, uniq_grum
D:9:      layout_cave_pools, pf_just_have_faith, orc_0_dummy, serial_shops,
          nicolae_shop_stone
D:10:     layout_loops_ring, grunt_temple_overflow_forces_of_nature,
          nemelex_xobeh_ov_fountains_minmay, serial_shops, shop,
          nicolae_shop_statue_plus, shop_statue, nicolae_lakefront_shop
D:11:     layout_irregular_city
D:12:     evilmike_diamond_1, layout_small_grid, gammafunk_ghost_abyssal_escape
Temple:   nicolae_temple_bog_church
Lair:1:   layout_chaotic_city, nicolae_volcano_entry_batcave, wad_woods_road_05

Skill      XL: |  1  2  3  4  5  6  7  8  9 10 11 |
---------------+----------------------------------+-----
Dodging        | 2 3 4 5 6 |  6.2
Fighting       | 1 2 3 4 5 6 |  6.4
Fire Magic     | 3 4 5 6 |  6.5
Conjurations   | 2 3 4 5 6 |  6.5
Spellcasting   | 3 4 5 6 |  6.4
Hexes          | 1 2 3 4 5 |  5.0
Armour         | 1 2 3 4 |  4.9
Invocations    | 4 6 8 9 |  9.7
Axes           | 2 4 5 |  5.6
Summonings     | 2 3 |  3.4
Stealth        | |  1.7

Action                   |  1- 3 |  4- 6 |  7- 9 | 10-12 || total
-------------------------+-------+-------+-------+-------++-------
Melee: Unarmed           |   115 |       |       |       ||   115
       Mace              |     4 |    19 |     9 |       ||    32
       Punch             |       |     1 |     1 |       ||     2
       Whip              |       |       |    12 |       ||    12
       War axe           |       |       |    23 |    13 ||    36
 Cast: Foxfire           |    52 |    63 |   115 |    54 ||   284
       Scorch            |    20 |    31 |   113 |    85 ||   249
       Summon Guardian G |       |       |       |     6 ||     6
       Inner Flame       |       |       |       |    13 ||    13
Invok: Ancestor Life: Ba |       |       |     1 |       ||     1
       Recall Ancestor   |       |       |       |     1 ||     1
Evoke: Wand              |       |       |       |     2 ||     2
  Use: Potion            |     3 |       |       |     6 ||     9
       Scroll            |     9 |     8 |     6 |    14 ||    37
 Stab: Sleeping          |       |     1 |       |       ||     1
       Invisible         |       |       |       |     1 ||     1
       Petrified         |       |       |       |     1 ||     1
Armor: Robe              |    48 |    15 |    31 |    13 ||   107
       Acid dragon scale |       |       |     4 |    20 ||    24
Dodge: Dodged            |   120 |    18 |   103 |    60 ||   301
